 Dungeon Crawl Stone Soup version 0.29.1-14-g9c671dbff4 (webtiles) character file.

Game seed: 10487578626224310876

233 leafyfresh the Covert (level 6, -1/79 HPs)
             Began as a Gnoll Delver on Feb 15, 2023.
             Was a Follower of Ashenzari.
             Killed by nerve-wracking pain
             ... invoked by Grinder
              (10 damage)
             ... on level 3 of the Dungeon.
             The game lasted 00:03:51 (2253 turns).

leafyfresh the Covert (Gnoll Delver)                Turns: 2253, Time: 00:03:52

Health: -1/79      AC:  3    Str: 12    XL:     6   Next: 5%
Magic:  8/8        EV: 17    Int:  9    God:    Ashenzari [*.....]
Gold:   75         SH:  0    Dex: 15    Spells: 8/8 levels left

rFire   . . .      SeeInvis .   a - +0 short sword
rCold   . . .      Faith    .   (no shield)
rNeg    . . .      Spirit   .   b - +0 leather armour "Ensconced Visionary" {Evo, Elem} (curse)
rPois   .          Reflect  .   (no helmet)
rElec   .          Harm     .   (no cloak)
rCorr   .          Rampage  .   (no gloves)
Will    .....                   (no boots)
Stlth   ..........              (no amulet)
HPRegen 0.23/turn               h - ring "Thunder Perfect Mind" {EV+4, Alch, Range} (curse)
MPRegen 0.11/turn               (no ring)

@: berserking, very quick
A: fangs 1, strong nose, distributed training
a: Renounce Religion, Shatter the Chains


You were on level 3 of the Dungeon.
You worshipped Ashenzari.
Ashenzari was aware of your devotion.
You visited 2 branches of the dungeon, and saw 6 of its levels.

You collected 75 gold pieces.

Inventory:

Hand Weapons
 a - a +0 short sword (weapon)
 j - a +0 sling
Armour
 b - the cursed +0 leather armour "Ensconced Visionary" (worn) {Evo, Elem}

   It has a curse which improves the following skills: Evocations: Evocations.
   Elements:  Fire Magic, Ice Magic, Air Magic and Earth Magic.
Jewellery
 h - the cursed ring "Thunder Perfect Mind" (left hand) {EV+4, Alch, Range}
   (You found it on level 5 of the Dungeon)

   [ring of evasion]

   EV:        It affects your evasion (+4).
   It has a curse which improves the following skills: Alchemy: Poison Magic and
   Transmutations.
   Ranged Combat: Ranged Weapons and Throwing.
Wands
 g - a wand of digging (2)
Scrolls
 c - a scroll of fog
 d - a scroll of magic mapping
 e - a scroll of butterflies
 i - 2 scrolls of teleportation
 k - 2 scrolls of identify
 l - a scroll of vulnerability
Potions
 f - a potion of haste
 m - a potion of berserk rage
 o - a potion of mutation
 p - a potion of lignification


   Skills:
 + Level 6.8 Fighting
 + Level 4.9 Short Blades
 + Level 1.8 Long Blades
 + Level 1.8 Axes
 + Level 1.8 Maces & Flails
 + Level 1.8 Polearms
 + Level 1.8 Staves
 + Level 1.8(2.5) Ranged Weapons
 + Level 1.8(2.5) Throwing
 + Level 1.8 Armour
 + Level 4.9 Dodging
 + Level 9.7 Stealth
 + Level 1.8 Shields
 + Level 1.8 Unarmed Combat
 + Level 1.8 Spellcasting
 + Level 1.4 Conjurations
 + Level 1.4 Hexes
 + Level 1.4 Summonings
 + Level 1.4 Necromancy
 + Level 1.4 Translocations
 + Level 1.4(2.0) Transmutations
 + Level 1.4(2.0) Fire Magic
 + Level 1.4(2.0) Ice Magic
 + Level 1.4(2.0) Air Magic
 + Level 1.4(2.0) Earth Magic
 + Level 1.4(2.0) Poison Magic
 + Level 2.0 Invocations
 + Level 1.8(2.5) Evocations


You had 8 spell levels left.
You didn't know any spells.
Your spell library contained the following spells:

 Spells                   Type           Power      Damage    Failure   Level
 Ensorcelled Hibernation  Hex/Ice        8%         N/A       30%         2
 Spider Form              Tmut/Pois      4%         N/A       50%         3
 Anguish                  Hex/Necr       1%         N/A       93%         4


Dungeon Overview and Level Annotations

Branches:
Dungeon (5/15)             Temple (1/1) D:5

Altars:
Ashenzari
Hepliaklqana
Nemelex Xobeh
Okawaru
Qazlal
Ru
Sif Muna
Wu Jian
Zin
The Shining One

Shops:
D:2 (

Annotations:
D:3 Grinder, Natasha
D:4 Pikel


Innate Abilities, Weirdness & Mutations

You have very sharp teeth.
Your uncanny sense of smell can sniff out nearby items.
Your experience applies equally to all skills.


Message History

Grinder gestures at you.
You barely resist.
You can move again.
You hit Grinder.
Grinder is moderately wounded.
Grinder closely misses you.
Unknown command.
You barely miss Grinder.
Grinder is moderately wounded.
Grinder blinks!
Unknown command.
Unknown command.
Grinder gestures at you.
You suddenly lose the ability to move!
Grinder hits you! Grinder gestures at you. Pain shoots through your body!
* * * LOW HITPOINT WARNING * * *
You can move again.
There is a stone staircase leading up, spattered with blood here.
You hit Grinder but do no damage.
Grinder is moderately wounded.
You feel better. Grinder barely misses you.
A red film seems to cover your vision as you go berserk!
You feel yourself moving faster!
You feel mighty! Grinder hits you.
* * * LOW HITPOINT WARNING * * *
You writhe in agony.
* * * LOW HITPOINT WARNING * * *
Unknown command.
You closely miss Grinder.
Grinder is moderately wounded.
Grinder hits you!
* * * LOW HITPOINT WARNING * * *
You puncture Grinder!
Grinder is heavily wounded.
You closely miss Grinder.
Grinder is heavily wounded.
Grinder gestures at you. Pain shoots through your body!
You die...

.......$####..... ###
.$.............. ..
..................
..∆..............>...
. #.................
#.#..(..............
#.#...........^.....
#...# #...>.........
###@# ##...!........
#.5..##..5.<<.....
####.>............
####..###...... #....
#...... #.#....h.....
#.#.#........
#.#.##.......
#.#.#........


You could see Grinder.

Vanquished Creatures
  An ogre (D:5)
  3 hounds
  2 adders (D:2)
  A worm (D:2)
  A dart slug (D:2)
  2 ball pythons (D:1)
  3 endoplasms (D:1)
  A giant cockroach (D:2)
  3 goblins
  3 hobgoblins (D:1)
  4 quokkas
  3 bats
  4 frilled lizards
  4 kobolds
  4 rats (D:1)
39 creatures vanquished.

Vanquished Creatures (others)
  14 toadstools (D:5)
14 creatures vanquished.

Grand Total: 53 creatures vanquished

Notes
Turn   | Place    | Note
-------+----------+-------------------------------------------
     0 | D:5      | Reached skill level 9 in Stealth
     0 | D:5      | leafyfresh the Gnoll Delver began the quest for the Orb.
     0 | D:5      | Reached XP level 1. HP: 23/23 MP: 1/1
    31 | D:5      | Noticed a hound
    38 | D:5      | Killed a hound
    39 | D:5      | Reached XP level 2. HP: 29/29 MP: 1/3
    39 | D:5      | Reached XP level 3. HP: 35/35 MP: 1/4
   100 | D:5      | Noticed an ogre
   102 | D:5      | Found a staircase to the Ecumenical Temple.
   107 | D:5      | Killed an ogre
   108 | D:5      | Reached skill level 1 in Long Blades
   108 | D:5      | Reached skill level 1 in Axes
   108 | D:5      | Reached skill level 1 in Maces & Flails
   108 | D:5      | Reached skill level 1 in Polearms
   108 | D:5      | Reached skill level 1 in Staves
   108 | D:5      | Reached skill level 1 in Ranged Weapons
   108 | D:5      | Reached skill level 1 in Throwing
   108 | D:5      | Reached skill level 1 in Armour
   108 | D:5      | Reached skill level 1 in Shields
   108 | D:5      | Reached skill level 1 in Unarmed Combat
   108 | D:5      | Reached skill level 1 in Spellcasting
   108 | D:5      | Reached skill level 1 in Conjurations
   108 | D:5      | Reached skill level 1 in Hexes
   108 | D:5      | Reached skill level 1 in Summonings
   108 | D:5      | Reached skill level 1 in Necromancy
   108 | D:5      | Reached skill level 1 in Translocations
   108 | D:5      | Reached skill level 1 in Transmutations
   108 | D:5      | Reached skill level 1 in Fire Magic
   108 | D:5      | Reached skill level 1 in Ice Magic
   108 | D:5      | Reached skill level 1 in Air Magic
   108 | D:5      | Reached skill level 1 in Earth Magic
   108 | D:5      | Reached skill level 1 in Poison Magic
   108 | D:5      | Reached skill level 1 in Invocations
   108 | D:5      | Reached skill level 1 in Evocations
   108 | D:5      | Reached XP level 4. HP: 41/41 MP: 4/6
   112 | Temple   | Entered the Ecumenical Temple
   120 | Temple   | Became a worshipper of Ashenzari the Shackled
   166 | D:5      | Reached XP level 5. HP: 26/47 MP: 7/7
   339 | D:5      | Noticed a phantom
   353 | D:4      | Noticed Pikel
   353 | D:4      | Noticed a lemure
   353 | D:4      | Noticed a lemure
   376 | D:4      | Noticed a lemure
   408 | D:3      | Noticed Grinder
   408 | D:3      | Noticed Natasha
   844 | D:1      | You fall into a shaft and drop 1 floor!
  1240 | D:2      | Found a hazy altar of Hepliaklqana.
  1264 | D:2      | Reached * piety under Ashenzari
  1536 | D:2      | Found a faded altar of an unknown god.
  1598 | D:2      | Found Jomon's Antique Weapon Shoppe.
  1735 | D:2      | Reached XP level 6. HP: 52/53 MP: 8/8
  2231 | D:3      | Paralysed by Grinder for 3 turns
  2240 | D:3      | Paralysed by Grinder for 2 turns
  2245 | D:3      | Paralysed by Grinder for 3 turns
  2253 | D:3      | Killed from afar by Grinder

Illustrated notes

Levels and vault maps discovered:
D:1:      minmay_arrival_floating_metal, layout_basic
D:2:      layout_loops_ring, serial_shops, nicolae_shop_behind_doors,
          ebering_ecumenical_altar_petrified, basic_altar, st_stairs_3,
          hangedman_abyss_or_decor_lesser_grid
D:3:      layout_rooms, nicolae_overflow_quartered_altars,
          nicolae_figureground_pulse, uniq_grinder, uniq_natasha
D:4:      layout_basic, uniq_eustachio, uniq_ijyb, uniq_pikel, uniq_robin
D:5:      layout_cave_pools, overflow_temple_1_default, tgw_fedhas,
          minmay_temple_entry_tees, uniq_crazy_yiuf_cottage
Temple:   eino_narrow_crystal_temple

Skill      XL: |  1  2  3  4  5 |
---------------+----------------+-----
Stealth        | |  9.7
Long Blades    | 1 |  1.8
Axes           | 1 |  1.8
Maces & Flails | 1 |  1.8
Polearms       | 1 |  1.8
Staves         | 1 |  1.8
Ranged Weapons | 1 |  1.8
Throwing       | 1 |  1.8
Armour         | 1 |  1.8
Shields        | 1 |  1.8
Unarmed Combat | 1 |  1.8
Spellcasting   | 1 |  1.8
Conjurations   | 1 |  1.4
Hexes          | 1 |  1.4
Summonings     | 1 |  1.4
Necromancy     | 1 |  1.4
Translocations | 1 |  1.4
Transmutations | 1 |  1.4
Fire Magic     | 1 |  1.4
Ice Magic      | 1 |  1.4
Air Magic      | 1 |  1.4
Earth Magic    | 1 |  1.4
Poison Magic   | 1 |  1.4
Invocations    | 1 2 |  2.0
Evocations     | 1 |  1.8
Fighting       | |  6.8
Short Blades   | |  4.9
Dodging        | |  4.9

Action                   |  1- 3 |  4- 6 || total
-------------------------+-------+-------++-------
Melee: Short sword       |     2 |    84 ||    86
       Bite              |       |     9 ||     9
 Fire: Sling             |       |    85 ||    85
Invok: Curse Item        |       |     2 ||     2
Evoke: Wand              |       |     1 ||     1
  Use: Scroll            |       |     1 ||     1
       Potion            |       |     2 ||     2
 Stab: Sleeping          |     2 |     7 ||     9
Armor: Leather armour    |       |     7 ||     7
Dodge: Dodged            |       |    85 ||    85
